 Dungeon Crawl Stone Soup version 0.21-a0-529-g8c7b3f5 (webtiles) character file.

10334 jamilx the Slicer (level 11, -4/87 HPs)
             Began as a Grey Draconian Berserker on Dec 10, 2017.
             Was an Elder of Trog.
             Engulfed by a cloud of flame (7 damage)
             ... on level 1 of the Orcish Mines.
             The game lasted 00:54:35 (10776 turns).

jamilx the Slicer (Grey Draconian Berserker)       Turns: 10776, Time: 00:54:35

Health: -4/87      AC: 18    Str: 22 (23) XL:     11   Next: 34%
Magic:  11/11      EV: 16    Int:  9      God:    Trog [****..]
Gold:   319        SH:  0    Dex: 10 (13) Spells: 10/10 levels left

rFire    . . .     SeeInvis +   h - +5 dagger (venom)
rCold    . . .     Gourm    .   (no shield)
rNeg     . . .     Faith    .   (armour unavailable)
rPois    .         Spirit   .   (helmet restricted)
rElec    .         Reflect  .   t - +2 cloak {+Inv}
rCorr    .         Harm     .   (no gloves)
MR       .....                  q - +2 pair of boots
Stlth    +++.......             (no amulet)
HPRegen  0.24/turn              e - +6 ring of slaying
MPRegen  0.12/turn              (no ring)

@: studying Staves
A: walk through water, unfitting armour, see invisible, agile 1, frail 1, sense
surroundings 1, strong 1, unbreathing, no potion heal 1, cold-blooded, AC +12
a: Berserk, Trog's Hand, Brothers in Arms, Burn Spellbooks, Renounce Religion,
Evoke Invisibility


You were on level 1 of the Orcish Mines.
You worshipped Trog.
Trog was greatly pleased with you.
You were not hungry.

You visited 3 branches of the dungeon, and saw 11 of its levels.
You also visited: Ossuary.

You collected 613 gold pieces.
You spent 294 gold pieces at shops.

Inventory:

Hand Weapons
 a - a +0 short sword
 h - a +5 dagger of venom (weapon)
 j - a +0 mace of venom
 v - a +0 shortbow
 x - a +3 antimagic rapier
 A - a +0 scythe
 E - a +0 dire flail of protection
 F - a +4 dagger
 U - a +0 short sword of flaming
Armour
 q - a +2 pair of boots (worn)
 t - a +2 cloak of invisibility (worn)
 C - a +1 pair of boots
 D - a +1 cloak
Magical Staves
 n - an uncursed staff of energy {unknown}
Jewellery
 e - a +6 ring of slaying (left hand)
 g - an uncursed amulet of harm
 i - an uncursed ring of fire
 k - an uncursed ring of fire
 r - a +4 ring of evasion
 s - a -2 ring of intelligence
 u - a +2 amulet of reflection
 G - an uncursed ring of see invisible
 K - an uncursed ring of ice
Wands
 d - a wand of polymorph (9)
 m - a wand of iceblast (4)
 w - a wand of digging (22)
 B - a wand of acid (8)
Scrolls
 f - 8 scrolls of remove curse
 y - 2 scrolls of teleportation
 z - a scroll of immolation
 I - a scroll of amnesia
 O - a scroll of blinking
 Q - a scroll of magic mapping
 R - 3 scrolls of fog
Potions
 c - a potion of flight
 o - 5 potions of curing
 H - 3 potions of agility
 J - a potion of might {unknown}
 L - 2 potions of haste
 M - 2 potions of degeneration
 P - a potion of invisibility {unknown}
 T - a potion of mutation
Books
 N - a manual of Staves
Comestibles
 b - 2 bread rations
 l - 4 fruits
 p - 9 royal jellies


   Skills:
 + Level 9.1 Fighting
 + Level 10.5 Short Blades
 + Level 9.7 Dodging
 + Level 7.6 Stealth
 + Level 1.3 Unarmed Combat
 + Level 0.4 Evocations


You had 10 spell levels left.
You didn't know any spells.

Dungeon Overview and Level Annotations

Branches:
Dungeon (9/15)             Temple (1/1) D:7             Orc (1/2) D:9
   Lair: D:8-11

Altars:
Ashenzari
Cheibriados
Dithmenos
Elyvilon
Fedhas
Kikubaaqudgha
Makhleb
Nemelex Xobeh
Okawaru
Qazlal
Ru
Sif Muna
Trog
Uskayaw
Vehumet
Wu Jian
Yredelemnul
Zin
The Shining One
Lugonu

Shops:
D:6 ?[?[*   D:8 %


Innate Abilities, Weirdness & Mutations

You can walk through water.
Your dull iron-grey scales are very hard. (AC +12)
You cannot fit into any form of body armour.
You can survive without breathing.
You are cold-blooded and may be slowed by cold attacks.
You have supernaturally acute eyesight. (SInv)
You are agile. (Dex +2)
You are frail. (-10% HP)
You passively map a small area around you.
Your muscles are strong. (Str +2)
Potions are less effective at restoring your health.


Message History

The orc priest hits you but does no damage.
You hit the orc.
The orc is poisoned.
The orc is severely wounded.
An orc comes into view. It is wielding a club.
You hit the orc.
The orc explodes!
The fiery explosion engulfs the orc priest.
The orc priest explodes!
The fiery explosion engulfs you! Trog accepts your kill.
The fiery explosion engulfs the orc.
The orc explodes!
The fiery explosion engulfs you!
* * * LOW HITPOINT WARNING * * *
Trog accepts your kill. The fiery explosion engulfs you!
* * * LOW HITPOINT WARNING * * *
Trog accepts your kill.
You are engulfed in blazing flames.
You die...

* ................o. ##
.........#...#o#.. .###
.%...........o....* ...##
,...>.....##.o..... ....#
..%.............# , ...#
............#oo..# ...##
#.......§§§§§.....# ,
..#.###.......§§§§§....%#
.....###......§§@§#.#..##*
.....##.....%....####.##
............#%.....#...#
.............%......#.##
...............##.^#...#
...........##%##...# .#..
...............##.## ..
.............^..### .
............##.##* *


You could see an orc warrior, an orc wizard and 3 orcs.

Vanquished Creatures
  A queen ant (D:8)
  A two-headed ogre (D:8)
  The ghost of cellescent the Twirler, a novice DgWn (D:8)
  Pikel (D:7)
  Maurice (D:9)
  Joseph (D:7)
  A troll (Orc:1)
  Grinder (D:4)
  4 hippogriffs
  Sigmund (D:5)
  2 wyverns
  Menkaure (D:7)
  5 soldier ants (D:8)
  3 orc warriors
  A sky beast (D:6)
  2 black bears (D:8)
  7 ogres
  4 necrophages
  A wolf (D:8)
  2 centaurs
  4 phantoms
  5 bullfrogs
  A water moccasin zombie (D:7)
  3 scorpions
  A water moccasin skeleton (D:7)
  5 killer bees (D:9)
  A howler monkey (D:8)
  3 crimson imps
  A quasit (D:8)
  A bullfrog skeleton (D:8)
  2 hounds
  5 orc priests
  A bullfrog zombie (D:6)
  5 jellies
  Jessica (D:2)
  2 iguanas
  Ijyb (D:3)
  11 orc wizards
  29 worker ants
  A killer bee zombie (D:7)
  A hound skeleton (D:8)
  13 mummies (Ossuary)
  Robin (D:2)
  12 adders
  A howler monkey skeleton (D:7)
  5 oozes (D:8)
  2 adder skeletons
  A worm (D:3)
  3 dart slugs
  6 leopard geckos
  34 orcs
  2 ball pythons (D:1)
  6 bats
  5 giant cockroaches
  10 goblins
  8 hobgoblins
  8 jackals
  2 quokkas
  4 frilled lizards
  A gnoll skeleton (Ossuary)
  2 goblin skeletons (Ossuary)
  A jackal skeleton (D:6)
  6 kobolds
  3 kobold skeletons (Ossuary)
  A leopard gecko skeleton (D:4)
  A leopard gecko zombie (D:7)
  2 orc skeletons (Ossuary)
  A quokka skeleton (D:4)
  5 rats
  11 rat skeletons (Ossuary)
  2 bushes (D:7)
  2 plants (D:7)
286 creatures vanquished.

Vanquished Creatures (collateral kills)
  Grum (D:8)
  A soldier ant (D:8)
  2 wolves (D:8)
  A jelly (D:9)
  An orc wizard (D:9)
  An orc priest (D:9)
  An adder (D:9)
  3 orcs (D:9)
11 creatures vanquished.

Vanquished Creatures (others)
  An adder (D:7)
  A shadow imp (D:7)
  A leopard gecko (D:3)
  4 plants (D:7)
7 creatures vanquished.

Grand Total: 304 creatures vanquished

Notes
Turn   | Place    | Note
-------+----------+-------------------------------------------
     0 | D:1      | jamilx the Draconian Berserker began the quest for the Orb.
     0 | D:1      | Reached XP level 1. HP: 19/19 MP: 1/1
    45 | D:1      | Reached XP level 2. HP: 26/26 MP: 2/2
   438 | D:1      | Reached XP level 3. HP: 31/33 MP: 3/3
   731 | D:2      | Noticed Jessica
   736 | D:2      | Killed Jessica
   739 | D:2      | Noticed Robin
   753 | D:2      | Reached XP level 4. HP: 23/40 MP: 4/4
   763 | D:2      | Reached ** piety under Trog
   769 | D:2      | Killed Robin
  1462 | D:2      | Reached skill level 4 in Short Blades
  1491 | D:3      | Noticed Ijyb
  1503 | D:3      | Killed Ijyb
  1503 | D:3      | Reached XP level 5. HP: 41/46 MP: 5/5
  1731 | D:3      | Found a radiant altar of Vehumet.
  2437 | D:4      | Found a sparkling altar of Nemelex Xobeh.
  2516 | D:4      | Reached skill level 1 in Stealth
  2516 | D:4      | Reached XP level 6. HP: 26/53 MP: 6/6
  3060 | D:4      | Found a glowing silver altar of Zin.
  3253 | D:4      | Noticed Grinder
  3273 | D:4      | Reached *** piety under Trog
  3273 | D:4      | Reached skill level 5 in Short Blades
  3278 | D:4      | Killed Grinder
  3278 | D:4      | Reached skill level 5 in Dodging
  3278 | D:4      | Your scales start taking on a dull iron-grey colour.
  3278 | D:4      | Reached XP level 7. HP: 17/60 MP: 7/7
  3278 | D:4      | Gained mutation: You can survive without breathing. [Grey Draconian growth]
  3827 | D:5      | Entered Level 5 of the Dungeon
  3920 | D:5      | Reached skill level 5 in Fighting
  3973 | D:5      | Found a sacrificial altar of Ru.
  4029 | D:5      | Found a white marble altar of Elyvilon.
  4150 | D:5      | Reached skill level 6 in Short Blades
  4169 | D:5      | Found an iron altar of Okawaru.
  4446 | D:5      | Noticed Sigmund
  4461 | D:5      | Killed Sigmund
  4461 | D:5      | Reached XP level 8. HP: 51/68 MP: 8/8
  4751 | D:6      | Found a basalt altar of Yredelemnul.
  4848 | D:6      | Found Acluin's Assorted Antiques.
  4870 | D:6      | Found Yntyira's Armour Emporium.
  4950 | D:6      | Bought a +0 cloak for 58 gold pieces
  4962 | D:6      | Found Pyalemomi's Magic Scroll Boutique.
  4989 | D:6      | Reached skill level 7 in Short Blades
  5142 | D:6      | Gained mutation: Your body sometimes deteriorates upon taking damage. [potion of mutation]
  5142 | D:6      | Gained mutation: You are agile. (Dex +2) [potion of mutation]
  5142 | D:6      | Gained mutation: Your tail ends in a poisonous barb. [potion of mutation]
  5257 | D:6      | Found Teihos's Magic Scroll Emporium.
  5387 | D:6      | Found a white marble altar of Elyvilon.
  5514 | D:6      | Found Mafi's Armour Shop.
  5518 | D:6      | Bought a +2 cloak of invisibility for 236 gold pieces
  6082 | D:7      | Found a burning altar of Makhleb.
  6082 | D:7      | Noticed Joseph
  6101 | D:7      | Killed Joseph
  6104 | D:7      | Lost mutation: You are agile. (Dex +2) [potion of mutation]
  6104 | D:7      | Lost mutation: Your body sometimes deteriorates upon taking damage. [potion of mutation]
  6104 | D:7      | Lost mutation: Your tail ends in a poisonous barb. [potion of mutation]
  6104 | D:7      | Gained mutation: You are dopey. (Int -2) [potion of mutation]
  6104 | D:7      | Gained mutation: You are covered in fur. (AC +1) [potion of mutation]
  6105 | D:7      | Lost mutation: You are dopey. (Int -2) [potion of mutation]
  6105 | D:7      | Lost mutation: You are covered in fur. (AC +1) [potion of mutation]
  6105 | D:7      | Gained mutation: You are dopey. (Int -2) [potion of mutation]
  6105 | D:7      | Gained mutation: You are frail. (-10% HP) [potion of mutation]
  6105 | D:7      | Gained mutation: You are agile. (Dex +2) [potion of mutation]
  6164 | D:7      | Reached XP level 9. HP: 67/67 MP: 9/9
  6172 | D:7      | Reached skill level 8 in Short Blades
  6174 | D:7      | Lost mutation: You are frail. (-10% HP) [potion of mutation]
  6174 | D:7      | Lost mutation: You are agile. (Dex +2) [potion of mutation]
  6174 | D:7      | Gained mutation: You are resistant to hostile enchantments. (MR+) [potion of mutation]
  6174 | D:7      | Gained mutation: You passively map a small area around you. [potion of mutation]
  6174 | D:7      | Gained mutation: You have supernaturally acute eyesight. (SInv) [potion of mutation]
  6174 | D:7      | Gained mutation: You evolve. [potion of mutation]
  6269 | D:7      | Reached **** piety under Trog
  6733 | D:7      | Found a blossoming altar of Fedhas.
  6949 | D:7      | Found a staircase to the Ecumenical Temple.
  6994 | Temple   | Entered the Ecumenical Temple
  7144 | D:7      | Found an ornate altar of the Wu Jian Council.
  7239 | D:7      | Noticed Menkaure
  7249 | D:7      | Killed Menkaure
  7279 | D:7      | Noticed Pikel
  7293 | D:7      | Killed Pikel
  7293 | D:7      | Reached skill level 9 in Short Blades
  7293 | D:7      | Reached skill level 5 in Stealth
  7421 | D:7      | Reached XP level 10. HP: 65/86 MP: 10/10
  7932 | D:8      | Noticed cellescent's ghost (novice DgWn)
  7957 | D:8      | Killed cellescent's ghost
  7962 | D:8      | Found a sand-covered staircase.
  8010 | Ossuary  | Entered an ossuary
  8125 | Ossuary  | Identified a scroll of acquirement
  8223 | Ossuary  | Lost mutation: You evolve. [potion of mutation]
  8223 | Ossuary  | Lost mutation: You are dopey. (Int -2) [potion of mutation]
  8223 | Ossuary  | Lost mutation: You are resistant to hostile enchantments. (MR+) [potion of mutation]
  8223 | Ossuary  | Gained mutation: You are agile. (Dex +2) [potion of mutation]
  8223 | Ossuary  | Gained mutation: Potions are less effective at restoring your health. [potion of mutation]
  8223 | Ossuary  | Gained mutation: You are frail. (-10% HP) [potion of mutation]
  8223 | Ossuary  | Gained mutation: Your muscles are strong. (Str +2) [potion of mutation]
  8322 | Ossuary  | Reached ***** piety under Trog
  9178 | D:8      | Noticed Grum
  9189 | D:8      | Killed Grum
  9366 | D:8      | Noticed a queen ant
  9395 | D:8      | Reached skill level 10 in Short Blades
  9405 | D:8      | Killed a queen ant
  9405 | D:8      | Received a gift from Trog
  9405 | D:8      | Reached XP level 11. HP: 19/85 MP: 11/11
  9433 | D:8      | Noticed a two-headed ogre
  9455 | D:8      | Killed a two-headed ogre
  9840 | D:8      | Found Kogodwutz's Food Shoppe.
 10303 | D:9      | Noticed Maurice
 10346 | D:9      | Killed Maurice
 10526 | D:9      | Reached skill level 1 in Unarmed Combat
 10600 | D:9      | Found a staircase to the Orcish Mines.
 10655 | Orc:1    | Entered Level 1 of the Orcish Mines
 10776 | Orc:1    | HP: 3/87 [orc/exploding inner flame[the player character] (19)]
 10776 | Orc:1    | Engulfed by a cloud of flame

Vault maps used:
D:1:      dpeg_arrival_windows_large_door, minmay_unequal
D:2:      uniq_robin, uniq_jessica
D:3:      fiery_altar_vehumet, first_bread, uniq_ijyb
D:4:      lemuel_crystal_altar, lemuel_coloured_pillars_altar, uniq_grinder
D:5:      lemuel_crystal_altar, okawaru_gym_becter, basic_altar, uniq_sigmund
D:6:      kennysheep_ying_yang, serial_shops, kennysheep_mini_moat, shop, shop,
          nicolae_shop_temple_entry_statues_fountains, nicolae_shop_waterfront
D:7:      fedhas_altar_decomposition, lemuel_crystal_altar,
          nicolae_overflow_crystal_walls, minmay_temple_entry_statues,
          lightli_minifort, uniq_menkaure, uniq_joseph, uniq_pikel
D:8:      nicolae_ossuary_entry_monument, serial_shops,
          nicolae_shop_behind_doors, hangedman_little_slice_of_home,
          minmay_misc_feat_diagonals, zaba_antful_of_joy, uniq_grum
D:9:      lemuel_round_altar, chequers_temple_overflow_statue_of_worship,
          david_orc_2, uniq_maurice
Temple:   corrupted_temple
Orc:1:    nicolae_orc_lost_temple
Ossuary:  ossuary_due_small_catacomb

Skill      XL: |  1  2  3  4  5  6  7  8  9 10 11 |
---------------+----------------------------------+-----
Dodging        | 3 4 5 6 8 9 |  9.7
Fighting       | 4 5 6 7 8 9 |  9.1
Short Blades   | 4 5 6 7 9 10 | 10.5
Stealth        | 1 2 4 5 6 7 |  7.6
Unarmed Combat | 1 |  1.3
Evocations     | |  0.4

Action                   |  1- 3 |  4- 6 |  7- 9 | 10-12 || total
-------------------------+-------+-------+-------+-------++-------
Melee: Short sword       |    89 |    15 |       |       ||   104
       Tailslap          |    11 |    20 |    62 |    45 ||   138
       Dagger            |       |   141 |   281 |   286 ||   708
       Unarmed           |       |       |       |    25 ||    25
Invok: Berserk           |     2 |     1 |     3 |     6 ||    12
       Brothers in Arms  |       |       |       |     3 ||     3
 Abil: Evoke Invisibilit |       |       |       |     1 ||     1
Evoke: Wand              |       |       |       |     2 ||     2
  Use: Scroll            |       |     7 |     8 |     9 ||    24
       Potion            |       |       |    10 |     9 ||    19
 Stab: Sleeping          |       |     1 |     1 |    14 ||    16
       Invisible         |       |       |       |     1 ||     1
  Eat: Bread ration      |       |     1 |     1 |     1 ||     3
       Chunk             |       |     2 |       |       ||     2
       Fruit             |       |     4 |       |       ||     4
       Meat ration       |       |       |     2 |     1 ||     3
       Royal jelly       |       |       |     2 |     3 ||     5
Armor: Skin              |    47 |    36 |    74 |    85 ||   242
Dodge: Dodged            |    98 |   139 |   130 |   219 ||   586

Table legend:
 A = Spawn XP
 B = Non-spawn XP
 C = Spawn XP percentage of total XP
 D = Spawn monster count
 E = Non-spawn monster count
 F = Spawn count percentage of total count
 G = Total turns spent on level
                    A         B        C        D         E        F      G
               +---------+---------+-------+---------+---------+-------+---------
         Total |       0 |   14763 |   0.0 |       0 |     293 |   0.0 | 10776
               +---------+---------+-------+---------+---------+-------+---------
           D:1 |       0 |      48 |   0.0 |       0 |      23 |   0.0 |   704
           D:2 |       0 |     123 |   0.0 |       0 |      27 |   0.0 |   779
           D:3 |       0 |      92 |   0.0 |       0 |      19 |   0.0 |   805
           D:4 |       0 |     598 |   0.0 |       0 |      24 |   0.0 |  1539
           D:5 |       0 |     625 |   0.0 |       0 |      13 |   0.0 |   909
           D:6 |       0 |     769 |   0.0 |       0 |      17 |   0.0 |  1509
           D:7 |       0 |    3493 |   0.0 |       0 |      34 |   0.0 |  1623
           D:8 |       0 |    6766 |   0.0 |       0 |      67 |   0.0 |  1869
           D:9 |       0 |    1549 |   0.0 |       0 |      29 |   0.0 |   379
         Orc:1 |       0 |     446 |   0.0 |       0 |       8 |   0.0 |   121
       Ossuary |       0 |     254 |   0.0 |       0 |      32 |   0.0 |   481
               +---------+---------+-------+---------+---------+-------+---------
